 Dungeon Crawl Stone Soup version 0.29.1-2-gbd0b4ee654 (webtiles) character file.

Game seed: 4996753403274383185

3459 Sabo the Basher (level 9, -11/78 HPs)
             Began as a Minotaur Berserker on Oct 26, 2022.
             Was an Elder of Trog.
             Mangled by Joseph
             ... wielding a +0 quarterstaff
              (15 damage)
             ... on level 7 of the Dungeon on Oct 27, 2022.
             The game lasted 00:33:21 (8056 turns).

Sabo the Basher (Minotaur Berserker)                Turns: 8056, Time: 00:33:22

Health: -11/78     AC:  0    Str: 23    XL:     9   Next: 78%
Magic:  8/8        EV: 16    Int:  4    God:    Trog [****..]
Gold:   409        SH:  0    Dex: 13    Spells: 8/8 levels left

rFire   . . .      SeeInvis .   (weapon currently unavailable)
rCold   . . .      Faith    .   (shield currently unavailable)
rNeg    . . .      Spirit   .   (body armour currently unavailable)
rPois   .          Reflect  .   (helmet currently unavailable)
rElec   .          Harm     .   (cloak currently unavailable)
rCorr   .          Rampage  .   (gloves currently unavailable)
Will    .....                   (boots currently unavailable)
Stlth   +.........              (no amulet)
HPRegen 0.23/turn               (ring currently unavailable)
MPRegen 0.11/turn               (ring currently unavailable)

@: about to teleport, pig-form, very quick
A: fast, no casting, small, (horns 2), (retaliatory headbutt)
a: Renounce Religion, Berserk, Trog's Hand, Brothers in Arms


You were on level 7 of the Dungeon.
You worshipped Trog.
Trog was greatly pleased with you.
You were a filthy swine.
You visited 1 branch of the dungeon, and saw 7 of its levels.

You collected 409 gold pieces.

Inventory:

Hand Weapons
 p - a +3 vorpal quarterstaff
 t - a +4 vorpal flail (melded)
Missiles
 d - a throwing net
 o - a silver boomerang (quivered)
 y - 6 poisoned darts
Armour
 g - a +0 buckler (melded)
 n - a +0 cloak (melded)
 z - a +0 pair of boots (melded)
 B - the +4 ring mail "Ulubrus" (melded) {Str+4}
   (You found it on level 6 of the Dungeon)

   Str:       It affects your strength (+4).
Jewellery
 h - a ring of magical power
 k - a ring of poison resistance (melded)
Wands
 u - a wand of roots (13)
Scrolls
 c - 2 scrolls of blinking
 f - 2 scrolls of magic mapping
 i - a scroll of enchant weapon {unknown}
 l - a scroll of silence
 m - 2 scrolls of fear
 r - 3 scrolls of teleportation
 s - a scroll of poison {unknown}
 A - a scroll of enchant armour {unknown}
Potions
 a - a potion of invisibility {unknown}
 b - a potion of flight {unknown}
 e - a potion of haste {unknown}
 j - 3 potions of mutation {unknown}
 q - a potion of cancellation {unknown}
 v - a potion of magic {unknown}
 w - a potion of curing {unknown}
 x - a potion of brilliance {unknown}


   Skills:
 + Level 6.9 Fighting
 + Level 6.8(9.3) Axes
 + Level 9.8(10.7) Maces & Flails
 + Level 8.6 Armour
 + Level 4.6 Dodging
 + Level 0.5 Stealth
 + Level 4.7 Shields


You had 8 spell levels left.
You didn't know any spells.
Your spell library was empty.

Dungeon Overview and Level Annotations

Branches:
Dungeon (7/15)             Temple (0/1) D:6

Altars:
Ashenzari
Hepliaklqana
Kikubaaqudgha
Qazlal
Sif Muna
Trog
Yredelemnul
The Shining One

Annotations:
D:7 Joseph


Innate Abilities, Weirdness & Mutations

You are a filthy swine.
You move quickly.
Your equipment is almost entirely melded.
You are incapable of wielding weapons or throwing items.
You cannot cast spells.
((You have a pair of horns on your head.))
((You reflexively headbutt those who attack you in melee.))


Message History

You now have 387 gold pieces (gained 12).
Found a runed emerald ring.
You now have 403 gold pieces (gained 16).
k - a ring of poison resistance
k - a ring of poison resistance (left hand)
You now have 409 gold pieces (gained 6).
Found a long brass wand.
u - a wand of roots (13)
Found a stone staircase leading down.
Found a scroll of teleportation.
r - 4 scrolls of teleportation (gained 1)
You open the door.
There is an open door here.
Joseph, a Mercenary comes into view.
He is wielding a +0 quarterstaff and carrying a wand of polymorph (9).
Joseph unwields a +0 quarterstaff.
Joseph wields a +0 vorpal sling.
Joseph shoots a sling bullet.
The sling bullet barely misses you.
Joseph shoots a sling bullet.
The sling bullet hits you!
Joseph zaps a wand.
You turn into a filthy swine.
Your +4 vorpal flail melds into your body.
Your +0 cloak melds into your body.
Your +0 pair of boots melds into your body.
Your +0 buckler melds into your body.
The +4 ring mail "Ulubrus" {Str+4} melds into your body.
Your ring of poison resistance melds into your body.
Joseph shoots a sling bullet.
The sling bullet completely misses you.
You hit Joseph but do no damage.
Joseph unwields a +0 vorpal sling.
Joseph wields a +0 quarterstaff.
Joseph completely misses you.
You barely miss Joseph.
Joseph hits you with a +0 quarterstaff!!
You barely miss Joseph. You barely miss Joseph. Joseph misses you.
You completely miss Joseph.
Joseph hits you with a +0 quarterstaff!!
* * * LOW HITPOINT WARNING * * *
You hit Joseph but do no damage.
Joseph hits you with a +0 quarterstaff!!
* * * LOW HITPOINT WARNING * * *
As you read the scroll of teleportation, it crumbles to dust.
You feel strangely unstable. Joseph hits you with a +0 quarterstaff!
You die...

.... .... ... ......
....#####.# #.# #....
..........#####.# #...>
................#####....
.........#######....#.##.
............# #....#.##.
######......# #....'....
#......# #....#.##.
#..h@..# ######.##.
#......# #........
#......# #.....##.
#......# #####.##.
#......# #.##. #......#
####. #......# #.
#......# #. #.


You could see Joseph.

Vanquished Creatures
  Pikel (D:7)
  Edmund (D:4)
  3 sky beasts (D:6)
  An ice beast (D:5)
  A black bear (D:6)
  An ogre (D:5)
  2 centaurs
  3 phantoms
  3 bullfrogs
  A gnoll sergeant (D:5)
  3 necrophages
  5 scorpions
  10 killer bees (D:7)
  An orc priest (D:6)
  4 hounds
  A jelly (D:5)
  Crazy Yiuf (D:2)
  A gnoll bouda (D:6)
  Natasha (twice) (D:4)
  3 iguanas
  5 orc wizards
  15 gnolls
  5 adders
  A white imp (D:6)
  4 worms
  2 dart slugs (D:5)
  12 orcs
  5 bats
  9 endoplasms
  2 giant cockroaches (D:1)
  9 goblins
  7 hobgoblins
  8 jackals
  10 kobolds
  5 quokkas
  7 ball pythons
  A frilled lizard (D:2)
  8 rats
163 creatures vanquished.

Notes
Turn   | Place    | Note
-------+----------+-------------------------------------------
     0 | D:1      | Sabo the Minotaur Berserker began the quest for the Orb.
     0 | D:1      | Reached XP level 1. HP: 19/19 MP: 0/0
   618 | D:1      | Reached XP level 2. HP: 27/27 MP: 1/1
   828 | D:1      | Found a faded altar of an unknown god.
   935 | D:1      | Reached ** piety under Trog
   954 | D:1      | Reached XP level 3. HP: 28/33 MP: 2/2
  1829 | D:2      | Reached skill level 5 in Axes
  1829 | D:2      | Reached XP level 4. HP: 36/41 MP: 3/3
  1893 | D:2      | Found a runed translucent door.
  2019 | D:2      | Reached skill level 1 in Shields
  2290 | D:2      | Noticed Crazy Yiuf
  2299 | D:2      | Killed Crazy Yiuf
  2628 | D:3      | Reached *** piety under Trog
  2660 | D:3      | Found a broken altar of Ashenzari.
  3055 | D:3      | Found an ancient bone altar of Kikubaaqudgha.
  3191 | D:4      | Noticed a necrophage
  3204 | D:4      | Killed a necrophage
  3205 | D:4      | Reached XP level 5. HP: 44/47 MP: 4/4
  3276 | D:4      | Noticed Edmund
  3297 | D:4      | Killed Edmund
  3298 | D:4      | Reached XP level 6. HP: 42/55 MP: 5/5
  3679 | D:4      | Reached skill level 5 in Fighting
  3905 | D:4      | Found a hazy altar of Hepliaklqana.
  4076 | D:4      | Reached XP level 7. HP: 59/61 MP: 6/6
  4296 | D:4      | Found a shimmering blue altar of Sif Muna.
  4310 | D:4      | Reached skill level 1 in Maces & Flails
  4375 | D:4      | Noticed Natasha
  4380 | D:4      | Reached skill level 5 in Armour
  4382 | D:4      | Killed Natasha
  4383 | D:4      | Reached skill level 2 in Maces & Flails
  4445 | D:4      | Noticed Natasha
  4466 | D:4      | Killed Natasha
  4729 | D:5      | Entered Level 5 of the Dungeon
  4745 | D:5      | Reached skill level 3 in Maces & Flails
  4757 | D:5      | HP: 2/61 [poisoned by a gnoll sergeant]
  4768 | D:5      | Reached skill level 4 in Maces & Flails
  4768 | D:5      | Reached **** piety under Trog
  5195 | D:5      | Reached XP level 8. HP: 36/70 MP: 7/7
  5488 | D:5      | Found Meyd's Book Shoppe.
  5566 | D:5      | Reached skill level 5 in Maces & Flails
  5790 | D:5      | Found a stormy altar of Qazlal.
  6137 | D:5      | Found a bloodstained altar of Trog.
  6416 | D:6      | Reached skill level 6 in Maces & Flails
  6457 | D:6      | Found a staircase to the Ecumenical Temple.
  6557 | D:6      | Reached skill level 7 in Maces & Flails
  6774 | D:6      | Reached XP level 9. HP: 75/75 MP: 8/8
  7004 | D:6      | Found a glowing golden altar of the Shining One.
  7006 | D:6      | Noticed an angel
  7013 | D:6      | Found a basalt altar of Yredelemnul.
  7015 | D:6      | Noticed a profane servitor
  7067 | D:6      | Identified the +4 ring mail "Ulubrus" {Str+4}
  7310 | D:6      | Reached skill level 8 in Maces & Flails
  7555 | D:7      | Reached skill level 9 in Maces & Flails
  7868 | D:7      | Noticed Pikel
  7876 | D:7      | Killed Pikel
  8042 | D:7      | Noticed Joseph
  8056 | D:7      | Mangled by Joseph

Illustrated notes

Levels and vault maps discovered:
D:1:      matt_arrival_spirals, layout_basic,
          hellmonk_ecumenical_altar_inner_sanctum
D:2:      cheibrodos_helix_gallery, layout_rooms, uniq_crazy_yiuf_cottage
D:3:      layout_rooms, old_standard_altar, mainiacjoe_overflow_paths,
          minmay_misc_feat_tiny, minmay_misc_feat_enclosed,
          corexii_corridor_pit, dreamdust_mushroom_princess
D:4:      layout_cave_pools, kennysheep_orc_sif_temple,
          nicolae_hepliaklqana_hippocampus, uniq_natasha, uniq_edmund
D:5:      layout_basic, trog_three_pillars_becter,
          nicolae_overflow_hidden_temple, serial_shops, kennysheep_little_box,
          chequers_arboretum
D:6:      layout_loops_ring, grunt_temple_overflow_holy_war,
          minmay_temple_entry_grid
D:7:      layout_basic, mainiacjoe_overflow_alcove_2, uniq_joseph, uniq_pikel

Skill      XL: |  1  2  3  4  5  6  7  8  9 |
---------------+----------------------------+-----
Fighting       | 4 5 6 |  6.9
Axes           | 4 5 6 |  6.8
Shields        | 1 2 3 4 |  4.7
Armour         | 3 4 5 7 8 |  8.6
Dodging        | 3 4 |  4.6
Maces & Flails | 4 7 9 |  9.8
Stealth        | |  0.5

Action                   |  1- 3 |  4- 6 |  7- 9 || total
-------------------------+-------+-------+-------++-------
Melee: Hand axe          |   108 |    67 |       ||   175
       Headbutt          |    13 |    11 |    28 ||    52
       Flail             |       |    31 |   219 ||   250
       Unarmed           |       |       |     6 ||     6
Invok: Berserk           |       |     4 |     2 ||     6
  Use: Scroll            |     3 |     4 |     2 ||     9
       Potion            |       |       |     4 ||     4
Armor: Leather armour    |     3 |       |       ||     3
       Ring mail         |    35 |    25 |    53 ||   113
       Chain mail        |       |    16 |   105 ||   121
Dodge: Dodged            |    62 |    46 |   147 ||   255
Block: Buckler           |    19 |    11 |    48 ||    78
